 Dungeon Sprint DCSS version 0.31.0-11-ge490571c62 (webtiles) character file.

Game seed: 13559260544568128106

67271 Heoruswealwe the Minotaur Porcupine (level 14, -4/157 HPs)
             Began as a Minotaur Fighter on Feb 9, 2024.
             Was the Champion of the Shining One.
             Slain by a steelbarb worm (21 damage)
             ... in the Dungeon (Sprint V: "Ziggurat Sprint").
             The game lasted 01:03:43 (2244 turns).

Heoruswealwe the Minotaur Porcupine (MiFi)          Turns: 2244, Time: 01:03:44

Health: -4/157     AC: 35    Str: 30    XL:     14   Next: 82%
Magic:  13/13      EV: 15    Int: 12    God:    the Shining One [******]
Gold:   0          SH: 40    Dex: 18    Spells: 13/13 levels left

rFire   . . .        b - +9 trishula (holy)
rCold   + + .        d - +18 shield of the Gong {Loud rN+ Will+ rCorr EV-5}
rNeg    + + +        c - +15 Maxwell's patent armour {-Cast -Tele rElec Will+ rCorr}
rPois   .            g - +0 hat
rElec   +            h - +2 cloak
rCorr   +            (no gloves)
SInv    +            e - +2 pair of boots {Stlth+}
Will    +++..        i - amulet "Futidel" {Reflect Int+4 Dex+6 SH+5 SInv} Stlth
                     k - ring of Nakis {rC++ rN+ EV+5 Int+3}
HPRegen 0.46/turn    j - +6 ring of strength
MPRegen 0.13/turn

%: no teleportation, no spellcasting, reflection
@: spiked, corroded, hasted and slowed, glowing, studying 2 skills
A: horns 2, retaliatory headbutt
a: Renounce Religion, Divine Shield, Cleansing Flame, Summon Divine Warrior


You were in the Dungeon.
You worshipped the Shining One.
The Shining One was exalted by your worship.
You visited 1 branch

Inventory:

Hand Weapons
 a - the +9 lance "Wyrmbane" {slay drac, rPois rF+ rC+ AC+3}
   (You found it in the Dungeon)

   AC+3:      It affects your AC (+3).
   rF+:       It protects you from fire.
   rC+:       It protects you from cold.
   rPois:     It protects you from poison
 b - a +9 trishula of holy wrath (weapon)
 A - the +27 heavy crossbow "Sniper" {heavy, Acc+∞ SInv}
   (You found it in the Dungeon)

   Acc+∞: It never misses its target.
   SInv:      It lets you see invisible.
 C - the +7 great mace "Firestarter" {flame, immolate, rFlCloud rF++}
   (You found it in the Dungeon)

   rFlCloud:  It grants immunity to clouds of flame.
   rF++:      It greatly protects you from fire.
 D - the +10 dark maul {heavy}
   (You found it in the Dungeon)
 G - the +7 hand cannon "Mule" {flame, backblast, rF+}
   (You found it in the Dungeon)

   rF+:       It protects you from fire.
Armour
 c - the +15 Maxwell's patent armour (worn) {-Cast -Tele rElec Will+ rCorr}
   (You found it in the Dungeon)

   rElec:     It insulates you from electricity.
   Will+:     It increases your willpower.
   -Cast:     It prevents spellcasting.
   -Tele:     It prevents most forms of teleportation.
   rCorr:     It protects you from acid and corrosion.
 d - the +18 shield of the Gong (worn) {Loud rN+ Will+ rCorr EV-5}
   (You found it in the Dungeon)

   Loud:      It is deafeningly noisy when blocking attacks.
   EV-5:      It affects your evasion (-5).
   rN+:       It protects you from negative energy.
   Will+:     It increases your willpower.
   rCorr:     It protects you from acid and corrosion.
 e - a +2 pair of boots of stealth (worn)
 g - a +0 hat (worn)
 h - a +2 cloak (worn)
 B - +5 gold dragon scales
 F - the +5 Storm Queen's Shield {shock, Fly rElec}
   (You found it in the Dungeon)

   Shock:     When it blocks an attack, it may electrocute the attacker.
   This works even against foes who are a short distance away.
   rElec:     It insulates you from electricity.
   Fly:       It grants you flight.
Jewellery
 i - the amulet "Futidel" (around neck) {Reflect Int+4 Dex+6 SH+5 SInv}
   (You found it in the Dungeon)

   [amulet of reflection]

   Reflect:   It reflects blocked missile attacks.
   Int+4:     It affects your intelligence (+4).
   Dex+6:     It affects your dexterity (+6).
   SInv:      It lets you see invisible.
   SH+5:      It affects your SH (+5).
 j - a +6 ring of strength (right hand)
 k - the ring of Nakis (left hand) {rC++ rN+ EV+5 Int+3}
   (You took it off a fire giant in the Dungeon)

   [ring of evasion]

   EV+5:      It affects your evasion (+5).
   Int+3:     It affects your intelligence (+3).
   rC++:      It greatly protects you from cold.
   rN+:       It protects you from negative energy.
 E - the ring of the Tortoise {AC+8}
   (You found it in the Dungeon)

   [ring of protection]

   AC+8:      It affects your AC (+8).
Wands
 l - a wand of mindburst (7)
 m - a wand of quicksilver (12)
 s - a wand of polymorph (5)
 t - a wand of flame (14)
 w - a wand of paralysis (21)
 y - a wand of roots (24)
Scrolls
 o - 4 scrolls of blinking
 p - 5 scrolls of identify
 r - 4 scrolls of brand weapon
 u - 2 scrolls of enchant weapon
Potions
 f - 7 potions of curing
 n - 4 potions of might
 q - 4 potions of heal wounds
 v - 3 potions of berserk rage
 z - 2 potions of haste
Miscellaneous
 x - a lightning rod (4/4)
 H - a tin of tremorstones (2/2)
 I - a phantom mirror
 J - a phial of floods
 K - a box of beasts


   Skills:
 + Level 23.0 Fighting
 O Level 27 Polearms
 + Level 23.0 Armour
 + Level 11.5 Dodging
 + Level 23.0 Shields
 + Level 9.6 Evocations


You had 13 spell levels left.
You didn't know any spells.
Your spell library contained the following spells:

 Spells                   Type           Power      Damage    Failure   Level
 Foxfire                  Conj/Fire      0%         2x1d4     77%         1
 Freeze                   Ice            0%         1d3       77%         1
 Magic Dart               Conj           0%         1d3       77%         1
 Slow                     Hex            0%         N/A       77%         1
 Cigotuvi's Dreadful Rot  Necr/Alch/Air  0%         N/A       88%         2
 Ensorcelled Hibernation  Hex/Ice        0%         N/A       88%         2
 Jinxbite                 Hex            0%         N/A       88%         2
 Mercury Vapours          Alch/Air       0%         N/A       88%         2
 Scorch                   Fire           0%         2d5       88%         2
 Searing Ray              Conj           0%         2d4       88%         2
 Static Discharge         Conj/Air       0%         3-3/arc   88%         2
 Call Canine Familiar     Summ           0%         N/A       98%         3
 Confusing Touch          Hex            0%         N/A       98%         3
 Dazzling Flash           Conj/Hex       0%         N/A       98%         3
 Frozen Ramparts          Ice            0%         1d1       98%         3
 Hailstorm                Conj/Ice       0%         3d5       98%         3
 Inner Flame              Hex/Fire       0%         N/A       98%         3
 Sigil of Binding         Hex            0%         N/A       98%         3
 Vampiric Draining        Necr           0%         2d6       98%         3
 Volatile Blastmotes      Fire/Tloc      0%         2d10      98%         3
 Airstrike                Air            0%         2d(0-16)  100%        4
 Animate Armour           Summ/Erth      0%         N/A       100%        4
 Animate Dead             Necr           0%         N/A       100%        4
 Dimensional Bullseye     Hex/Tloc       0%         N/A       100%        4
 Dispel Undead            Necr           0%         3d6       100%        4
 Flame Wave               Conj/Fire      0%         2d4       100%        4
 Fulminant Prism          Conj/Alch      0%         3d5       100%        4
 Ignite Poison            Fire/Alch      0%         N/A       100%        4
 Leda's Liquefaction      Alch/Erth      0%         N/A       100%        4
 Martyr's Knell           Necr/Summ      0%         N/A       100%        4
 Passage of Golubria      Tloc           0%         N/A       100%        4
 Petrify                  Alch/Erth      0%         N/A       100%        4
 Sticky Flame             Fire/Alch      0%         2d4       100%        4
 Summon Blazeheart Golem  Fire/Summ      0%         N/A       100%        4
 Summon Lightning Spire   Summ/Air       0%         N/A       100%        4
 Alistair's Intoxication  Alch           0%         N/A       100%        5
 Fireball                 Conj/Fire      0%         3d3       100%        5
 Irradiate                Conj/Alch      0%         3d11      100%        5
 Iskenderun's Battlesphe  Conj           0%         2d6       100%        5
 Metabolic Englaciation   Hex/Ice        0%         N/A       100%        5
 Silence                  Hex/Air        0%         N/A       100%        5
 Yara's Violent Unravell  Hex/Alch       0%         3d3       100%        5
 Bombard                  Conj/Erth      0%         9d1       100%        6
 Death Channel            Necr           0%         N/A       100%        6
 Sculpt Simulacrum        Ice/Alch       0%         N/A       100%        6
 Starburst                Conj/Fire      0%         6d3       100%        6
 Summon Cactus Giant      Summ           0%         N/A       100%        6
 Enfeeble                 Hex            0%         N/A       100%        7
 Haunt                    Necr/Summ      0%         N/A       100%        7
 Orb of Destruction       Conj           0%         9d5       100%        7
 Ozocubu's Refrigeration  Ice            0%         4d7       100%        7
 Spellforged Servitor     Conj/Summ      0%         N/A       100%        7
 Ignition                 Fire           0%         3d3       100%        8
 Infestation              Necr           0%         N/A       100%        8
 Lehudib's Crystal Spear  Conj/Erth      0%         10d2      100%        8
 Maxwell's Capacitive Co  Air            0%         ∞         100%        8
 Chain Lightning          Conj/Air       0%         N/A       100%        9
 Fire Storm               Conj/Fire      0%         5d1       100%        9
 Polar Vortex             Ice            0%         N/A       100%        9
 Shatter                  Erth           0%         3d5*      100%        9


Dungeon Overview and Level Annotations

Branches:
Dungeon (1/1)

Altars:
Ashenzari
Cheibriados
Dithmenos
Elyvilon
Fedhas
Gozag
Hepliaklqana
Kikubaaqudgha
Makhleb
Nemelex Xobeh
Okawaru
Qazlal
Ru
Sif Muna
Trog
Uskayaw
Vehumet
Wu Jian
Xom
Yredelemnul
Zin
The Shining One
Jiyva
Lugonu


Innate Abilities, Weirdness & Mutations

You have a pair of horns on your head.
You reflexively headbutt those who attack you in melee.


Message History

* * * LOW HITPOINT WARNING * * *
You are poisoned.
You feel as though you will be slow longer.
Your tin of tremorstones (2/2) has regained one charge.
Your Fighting skill increases to level 23!
Your Armour skill increases to level 23!
Your Shields skill increases to level 23!
You feel better. You block the hornet's attack.
GONNNNG!
You block the steelbarb worm's attack.
GONNNNG!
You block the hornet's attack.
PANG!
The steelbarb worm hits you!
* * * LOW HITPOINT WARNING * * *
Barbed spikes become lodged in your body.
The jorogumo hits you.
* * * LOW HITPOINT WARNING * * *
You feel as though you will be slow longer.
The hornet stings you but does no damage.
The steelbarb worm hits you!
* * * LOW HITPOINT WARNING * * *
Barbed spikes become lodged in your body.
The jorogumo hits you!
* * * LOW HITPOINT WARNING * * *
You suddenly lose the ability to move!
The hornet stings you but does no damage.
You can move again.
You feel yourself speed up.
The torpor snail's soul is no longer bound.
The hornet rages.
You block the hornet's attack.
GONNNNG!
You block the steelbarb worm's attack.
GONNNNG!
You block the hornet's attack.
BONNNG!
The radroach waves its antennae.
The steelbarb worm hits you!!
You die...

.....s........▓.............▓.
..............▓..▓.......▓..▓▓
..............▓.............▓.
.....B......†▓...........))▓.
▓.......▓s.Z▓......©....†.▓. .
▓▓....†▓▓▓BZ▓▓▓▓▓▓▓▓▓▓▓▓▓▓▓.
...▓......Z▓.Zw▓.....8©8.....▓.
..........BwsHw▓.".....|.|)".▓.
.......©.sysyy@▓...|)|[).%...▓.
▓▓▓▓▓▓▓▓▓▓▓▓▓▓▓▓.............▓.
▓.......).....▓.
▓.............▓.
▓.............▓.
▓.............▓▓
▓..▓.......▓.)▓.
▓.▓▓▓....)▓▓▓)▓.
▓..▓......(▓()▓.


You could see a jorogumo (soul bound), a radroach, an entropy weaver, a
steelbarb worm (berserk, soul bound), 2 torpor snails, a demonic crawler, an orb
spider (soul bound, charged), 3 hornets, a tarantella, a redback (berserk), a
wolf spider simulacrum, an orb spider simulacrum, a moth of wrath simulacrum and
a radroach simulacrum.

Vanquished Creatures
  A pandemonium lord (D)
  2 hellephants (D)
  3 deep elf master archers (D)
  2 acid blobs (D)
  A nagaraja (D)
  4 fire giants (D)
  2 rockslimes (D)
  2 frost giants (D)
  3 balrugs (D)
  A deep elf elementalist (D)
  7 stone giants (D)
  A very ugly thing (D)
  An ettin (D)
  2 blizzard demons (D)
  2 yaktaur captains (D)
  2 salamander tyrants (D)
  An ice dragon (D)
  Erolcha (D)
  Erica (D)
  A centaur warrior (D)
  2 stokers (D)
  3 two-headed ogres (D)
  3 dancing weapons (D)
  A radroach (D)
  2 naga warriors (D)
  7 hell hogs (D)
  A skyshark (shapeshifter) (D)
  A sun demon (D)
  A pharaoh ant (D)
  An orb spider (D)
  A deep elf archer (D)
  An ugly thing (D)
  2 orc knights (D)
  A steelbarb worm (D)
  A manticore (shapeshifter) (D)
  A deep elf pyromancer (D)
  A wolf spider (D)
  7 cyclopes (D)
  A moth of wrath (D)
  2 fauns (shapeshifter) (D)
  A guardian serpent (D)
  A rust devil (D)
  A naga mage (D)
  2 black mambas (D)
  An eye of devastation (D)
  A hellion (D)
  An unseen horror (shapeshifter) (D)
  A rime drake (shapeshifter) (D)
  4 rime drakes (D)
  4 yaktaurs (D)
  3 ice devils (D)
  4 freezing wraiths (D)
  3 merfolk (D)
  A polar bear (D)
  2 hornets (D)
  9 trolls (D)
  A tarantella (D)
  A blink frog (shapeshifter) (D)
  A jumping spider (D)
  3 slime creatures (D)
  A culicivora (D)
  Sigmund (D)
  A golden eye (D)
  A redback (D)
  Edmund (D)
  A naga (D)
  A swamp worm (shapeshifter) (D)
  2 water moccasins (D)
  2 hell hounds (D)
  Duvessa (D)
  6 orc warriors (D)
  2 ice beasts (D)
  An ogre (shapeshifter) (D)
  6 ogres (D)
  4 centaurs (D)
  A phantom (D)
  Blork the orc (D)
  Dowan (D)
  4 wights (D)
  A crimson imp (D)
  A jelly (D)
  An orc priest (D)
  A quasit (D)
  Crazy Yiuf (D)
  2 iron imps (D)
  Jessica (D)
  2 orc wizards (D)
  3 adders (D)
  A shadow imp (D)
  3 white imps (D)
  An adder zombie (D)
  An adder skeleton (D)
  2 bat zombies (D)
  4 endoplasms (D)
  3 ball pythons (D)
  2 bat simulacra (D)
  A quokka skeleton (D)
194 creatures vanquished.

Vanquished Creatures (others)
  A frost giant (D)
  A hellion (D)
  A crimson imp (D)
  A shadow imp (D)
  3 white imps (D)
  3 ball lightnings (D)
10 creatures vanquished.

Grand Total: 204 creatures vanquished

Notes
Turn   | Place    | Note
-------+----------+-------------------------------------------
     0 | D        | Heoruswealwe the Minotaur Fighter began the quest for the
                  | Orb.
     0 | D        | Reached XP level 1. HP: 19/19 MP: 0/0
     0 | D        | Found a shimmering blue altar of Sif Muna.
     0 | D        | Found a bloodstained altar of Trog.
     0 | D        | Found a sacrificial altar of Ru.
     0 | D        | Found a stormy altar of Qazlal.
     0 | D        | Found an iron altar of Okawaru.
    25 | D        | Found a sparkling altar of Nemelex Xobeh.
    25 | D        | Found the +6 Majin-Bo {spellvamp, MP+6 Int+6}
    25 | D        | Found the +27 heavy crossbow "Sniper" {heavy, Acc+∞ SInv}
    25 | D        | Found the +10 dark maul {heavy}
    25 | D        | Found the +15 Maxwell's patent armour {-Cast -Tele rElec
                  | Will+ rCorr}
    25 | D        | Found the +18 shield of the Gong {Loud rN+ Will+ rCorr
                  | EV-5}
    25 | D        | Found the +16 obsidian axe {drain, demonic, Mesm ^Drain Fly
                  | SInv}
    25 | D        | Found the +7 great mace "Firestarter" {flame, immolate,
                  | rFlCloud rF++}
    25 | D        | Found the +6 shillelagh "Devastator" {shatter}
    25 | D        | Found the +11 plutonium sword {^Contam Stlth-}
    25 | D        | Found the +8 lance "Wyrmbane" {slay drac, rPois rF+ rC+
                  | AC+3}
    25 | D        | Found the +9 sword of Zonguldrok {reap}
    25 | D        | Found the +13 scythe of Curses {drain, curses, ^Drain}
    25 | D        | Found the +9 sword of Power {lifebolt}
    25 | D        | Found the +7 mace of Variability {chaos, chaos arc}
    25 | D        | Found the +11 Singing Sword {sonic wave}
    25 | D        | Found the +8 storm bow {elec, penet}
    26 | D        | Found an ancient bone altar of Kikubaaqudgha.
    26 | D        | Found a transporter.
    26 | D        | Found a corrupted altar of Lugonu.
    26 | D        | Found a viscous altar of Jiyva.
    26 | D        | Found a burning altar of Makhleb.
    26 | D        | Found a hazy altar of Hepliaklqana.
    26 | D        | Found an opulent altar of Gozag.
    35 | D        | Found a blossoming altar of Fedhas.
    49 | D        | Became a worshipper of the Shining One
   129 | D        | Reached skill level 5 in Fighting
   129 | D        | Reached skill level 6 in Polearms
   129 | D        | Reached skill level 5 in Armour
   129 | D        | Reached skill level 5 in Shields
   129 | D        | Reached XP level 2. HP: 29/29 MP: 1/1
   166 | D        | Entered arena 2.
   166 | D        | Found the ring of the Tortoise {AC+8}
   166 | D        | Noticed a wight
   166 | D        | Noticed a wight
   166 | D        | Reached * piety under the Shining One
   166 | D        | Found a transporter.
   169 | D        | Killed a wight
   170 | D        | Reached skill level 7 in Polearms
   170 | D        | Reached XP level 3. HP: 37/37 MP: 2/2
   173 | D        | Killed a wight
   174 | D        | Reached skill level 8 in Polearms
   174 | D        | Reached XP level 4. HP: 45/45 MP: 3/3
   183 | D        | Entered arena 3.
   183 | D        | Noticed a merfolk
   183 | D        | Reached ** piety under the Shining One
   183 | D        | Noticed a merfolk
   183 | D        | Noticed a merfolk
   183 | D        | Found a transporter.
   191 | D        | Killed a merfolk
   192 | D        | Reached skill level 10 in Polearms
   192 | D        | Reached XP level 5. HP: 48/55 MP: 4/4
   192 | D        | Reached XP level 6. HP: 54/62 MP: 5/5
   195 | D        | Killed a merfolk
   196 | D        | Reached skill level 11 in Polearms
   196 | D        | Reached XP level 7. HP: 62/70 MP: 6/6
   204 | D        | Killed a merfolk
   205 | D        | Reached skill level 12 in Polearms
   318 | D        | Entered arena 4.
   318 | D        | Found the +8 arc blade {discharge, rElec}
   318 | D        | Reached *** piety under the Shining One
   318 | D        | Found a transporter.
   320 | D        | Reached **** piety under the Shining One
   324 | D        | Reached skill level 13 in Polearms
   328 | D        | Reached ***** piety under the Shining One
   340 | D        | Entered arena 5.
   340 | D        | Found a transporter.
   344 | D        | Reached skill level 10 in Fighting
   344 | D        | Reached skill level 10 in Armour
   356 | D        | Entered arena 6.
   356 | D        | Reached ****** piety under the Shining One
   356 | D        | Found a transporter.
   360 | D        | Reached skill level 10 in Shields
   364 | D        | Reached XP level 8. HP: 79/79 MP: 7/7
   367 | D        | Identified a +7 trishula of holy wrath (a +5 demon trident
                  | blessed by the Shining One)
   367 | D        | Received a gift from the Shining One
   374 | D        | Got the ring "Lytakh" {rElec rF+ rN+}
   380 | D        | Entered arena 7.
   380 | D        | Noticed a +2 trident of freezing
   380 | D        | Noticed a deep elf pyromancer
   380 | D        | Noticed a deep elf elementalist
   380 | D        | Noticed a deep elf archer
   380 | D        | Noticed a +3 broad axe of flaming
   380 | D        | Noticed a +2 dire flail of holy wrath
   381 | D        | Found a transporter.
   387 | D        | Killed a +2 dire flail of holy wrath
   388 | D        | Reached skill level 14 in Polearms
   395 | D        | Killed a deep elf elementalist
   396 | D        | Reached skill level 16 in Polearms
   396 | D        | Reached XP level 9. HP: 35/90 MP: 8/8
   397 | D        | Killed a deep elf pyromancer
   405 | D        | Killed a +3 broad axe of flaming
   406 | D        | Reached skill level 17 in Polearms
   410 | D        | Killed a +2 trident of freezing
   411 | D        | Reached XP level 10. HP: 30/101 MP: 9/9
   423 | D        | Killed a deep elf archer
   424 | D        | Reached skill level 18 in Polearms
   435 | D        | Got the Monograph on Wild Bad Luck
   614 | D        | Entered arena 8.
   615 | D        | Found a transporter.
   638 | D        | Entered arena 9.
   638 | D        | Noticed a rust devil
   638 | D        | Noticed a sun demon
   638 | D        | Noticed Naent the pandemonium lord
   649 | D        | Killed a rust devil
   652 | D        | Killed a sun demon
   657 | D        | The Shining One protects you from harm!
   664 | D        | Killed Naent the pandemonium lord
   665 | D        | Reached skill level 19 in Polearms
   665 | D        | Reached XP level 11. HP: 52/111 MP: 10/10
   666 | D        | Found a transporter.
   681 | D        | Entered arena 10.
   682 | D        | Found a transporter.
   688 | D        | Reached skill level 20 in Polearms
   689 | D        | Reached skill level 15 in Fighting
   689 | D        | Reached skill level 15 in Armour
   691 | D        | Reached skill level 15 in Shields
   721 | D        | Entered arena 11.
   721 | D        | Noticed Sigmund
   721 | D        | Noticed Jessica
   721 | D        | Noticed Blork the orc
   721 | D        | Noticed Crazy Yiuf
   721 | D        | Noticed Dowan
   721 | D        | Noticed Duvessa
   721 | D        | Noticed Edmund
   721 | D        | Noticed Erica
   721 | D        | Noticed Erolcha
   722 | D        | Found a transporter.
   731 | D        | Killed Duvessa
   732 | D        | Killed Crazy Yiuf
   734 | D        | Killed Erolcha
   739 | D        | Killed Erica
   741 | D        | Killed Jessica
   743 | D        | Killed Blork the orc
   750 | D        | Killed Edmund
   751 | D        | Reached skill level 21 in Polearms
   751 | D        | Killed Dowan
   763 | D        | Killed Sigmund
   790 | D        | Entered arena 12.
   790 | D        | Noticed a stone giant
   790 | D        | Noticed a two-headed ogre
   790 | D        | Noticed a stone giant
   805 | D        | Killed a two-headed ogre
   827 | D        | Killed a stone giant
   838 | D        | Killed a stone giant
   839 | D        | Reached skill level 22 in Polearms
   853 | D        | Found a transporter.
   861 | D        | Got the ring of Udabeita {^Drain rF+++ rC+ Will+ Stlth+}
   870 | D        | Got the Parchment of the Septic Crevasse
   874 | D        | Got the amulet of Ceomiami {Spirit rPois rF+ rC-}
   888 | D        | Entered arena 13.
   888 | D        | Noticed a lindwurm
   888 | D        | Noticed a green very ugly thing
   888 | D        | Noticed a red ugly thing
   891 | D        | a troll changed into a swamp dragon
   891 | D        | Noticed a swamp dragon (glowing shapeshifter)
   891 | D        | Noticed a steelbarb worm
   892 | D        | a snapping turtle changed into an orb spider
   892 | D        | Noticed an orb spider (glowing shapeshifter)
   892 | D        | a swamp dragon changed into a water nymph
   895 | D        | Noticed a steelbarb worm
   896 | D        | an orb spider changed into a faun
   897 | D        | a steelbarb worm changed into an alligator
   897 | D        | Noticed an alligator (glowing shapeshifter)
   897 | D        | a faun changed into an orb spider
   897 | D        | Noticed an orb spider (glowing shapeshifter)
   898 | D        | Killed a red ugly thing
   899 | D        | an orb spider changed into a faun
   899 | D        | a lindwurm changed into a deep troll
   899 | D        | Noticed a deep troll (glowing shapeshifter)
   901 | D        | a steelbarb worm changed into a mana viper
   901 | D        | Noticed a mana viper (glowing shapeshifter)
   901 | D        | an alligator changed into a black bear
   905 | D        | a torpor snail changed into a glowing shapeshifter
   905 | D        | Noticed a glowing shapeshifter (glowing shapeshifter)
   905 | D        | a water nymph changed into a glowing shapeshifter
   905 | D        | Noticed a glowing shapeshifter (glowing shapeshifter)
   906 | D        | a glowing shapeshifter changed into a manticore
   906 | D        | a glowing shapeshifter changed into a sun moth
   906 | D        | Noticed a sun moth (glowing shapeshifter)
   908 | D        | a guardian serpent changed into a sun moth
   908 | D        | Noticed a sun moth (glowing shapeshifter)
   908 | D        | a sun moth changed into a water nymph
   910 | D        | Killed a green very ugly thing
   911 | D        | Reached XP level 12. HP: 116/124 MP: 11/11
   918 | D        | Noticed a broodmother
   921 | D        | a broodmother changed into a mana viper
   923 | D        | Reached skill level 23 in Polearms
   923 | D        | a mana viper changed into a two-headed ogre
   923 | D        | Noticed a two-headed ogre (glowing shapeshifter)
   927 | D        | a two-headed ogre changed into a moth of wrath
   930 | D        | a moth of wrath changed into a quicksilver ooze
   930 | D        | Noticed a quicksilver ooze (glowing shapeshifter)
   932 | D        | a quicksilver ooze changed into a torpor snail
   932 | D        | Noticed a torpor snail (glowing shapeshifter)
   936 | D        | a torpor snail changed into a skyshark
   949 | D        | Found a transporter.
   994 | D        | Entered arena 14.
   999 | D        | Noticed a naga warrior
   999 | D        | Noticed a naga warrior
   999 | D        | Noticed a nagaraja
  1021 | D        | Killed a naga warrior
  1032 | D        | Killed a nagaraja
  1044 | D        | Killed a naga warrior
  1045 | D        | Reached skill level 24 in Polearms
  1073 | D        | Found a transporter.
  1107 | D        | Entered arena 15.
  1108 | D        | Noticed a two-headed ogre
  1108 | D        | Noticed a two-headed ogre
  1108 | D        | Noticed a stone giant
  1108 | D        | Found the +8 demon trident "Rift" {distort, reach+}
  1109 | D        | Noticed a stone giant
  1111 | D        | Noticed a stone giant
  1120 | D        | Killed a two-headed ogre
  1133 | D        | Killed a stone giant
  1146 | D        | Killed a stone giant
  1151 | D        | Killed a stone giant
  1168 | D        | Reached skill level 25 in Polearms
  1176 | D        | Killed a two-headed ogre
  1181 | D        | Reached XP level 13. HP: 59/136 MP: 12/12
  1184 | D        | Found the +5 Storm Queen's Shield {shock, Fly rElec}
  1185 | D        | Found a transporter.
  1244 | D        | Entered arena 16.
  1246 | D        | Noticed an acid blob
  1246 | D        | Noticed a rockslime
  1246 | D        | Noticed a rockslime
  1246 | D        | Noticed an acid blob
  1262 | D        | Killed an acid blob
  1284 | D        | Killed a rockslime
  1288 | D        | Killed a rockslime
  1292 | D        | Killed an acid blob
  1293 | D        | Reached skill level 26 in Polearms
  1296 | D        | Found a transporter.
  1342 | D        | Entered arena 17.
  1345 | D        | Noticed an ettin
  1352 | D        | Identified the +3 morningstar of Distraction {elec, Will+}
  1362 | D        | Killed an ettin
  1403 | D        | Found the +3 giant club "Skullcrusher" {speed, Str+7}
  1404 | D        | Found a transporter.
  1412 | D        | Got the amulet "Futidel" {Reflect Int+4 Dex+6 SH+5 SInv}
  1451 | D        | Entered arena 18.
  1454 | D        | Noticed a frost giant
  1454 | D        | Noticed a frost giant
  1454 | D        | Noticed a blizzard demon
  1454 | D        | Noticed a frost giant
  1454 | D        | Noticed a blizzard demon
  1482 | D        | Killed a blizzard demon
  1487 | D        | Killed a frost giant
  1488 | D        | Reached skill level 27 in Polearms
  1494 | D        | Killed a frost giant
  1495 | D        | Reached skill level 1 in Dodging
  1495 | D        | Reached skill level 1 in Evocations
  1499 | D        | Killed a frost giant
  1514 | D        | Killed a blizzard demon
  1520 | D        | Found the +8 Vampire's Tooth {megavamp}
  1521 | D        | Found a transporter.
  1547 | D        | Got the Elucidation of Morbid Hyperthermia
  1599 | D        | Entered arena 19.
  1602 | D        | Noticed a deep elf master archer
  1602 | D        | Noticed a deep elf master archer
  1602 | D        | Noticed a stone giant
  1618 | D        | Killed a deep elf master archer
  1619 | D        | Reached skill level 5 in Dodging
  1619 | D        | Identified the +0 dagger "Vibbuif" {freeze, rC+}
  1621 | D        | Killed a deep elf master archer
  1624 | D        | Reached XP level 14. HP: 135/151 MP: 13/13
  1625 | D        | Killed a stone giant
  1626 | D        | Reached skill level 5 in Evocations
  1629 | D        | Noticed a stone giant
  1630 | D        | Noticed a deep elf master archer
  1634 | D        | Killed a stone giant
  1638 | D        | Killed a deep elf master archer
  1652 | D        | Found the +6 arbalest "Damnation" {damnation}
  1653 | D        | Found a transporter.
  1720 | D        | Entered arena 20.
  1725 | D        | Noticed a balrug
  1725 | D        | Noticed a fire giant
  1725 | D        | Noticed a hellephant
  1725 | D        | Noticed a balrug
  1725 | D        | Noticed a fire giant
  1725 | D        | Found the +8 longbow "Zephyr" {speed, Dex+3 SInv}
  1725 | D        | Found the +7 hand cannon "Mule" {flame, backblast, rF+}
  1725 | D        | Noticed a hellephant
  1725 | D        | Noticed a fire giant
  1739 | D        | Killed a balrug
  1741 | D        | Killed a balrug
  1752 | D        | Noticed a balrug
  1768 | D        | Identified the ring of Nakis {rC++ rN+ EV+5 Int+3}
  1768 | D        | Noticed a fire giant
  1773 | D        | Killed a fire giant
  1786 | D        | Killed a balrug
  1797 | D        | Killed a fire giant
  1804 | D        | Killed a fire giant
  1816 | D        | Killed a fire giant
  1817 | D        | Reached skill level 10 in Dodging
  1856 | D        | Killed a hellephant
  1873 | D        | Killed a hellephant
  2167 | D        | Found a transporter.
  2178 | D        | Got the Tome of Pneumatic Accompaniment
  2185 | D        | Got the ring of the Wary Ghosts {rC+ rN+ Dex-4 Slay+3
                  | Stlth+}
  2199 | D        | Got the Codex of Exothermic Curses
  2201 | D        | Got the Omnibus of Degeneration
  2211 | D        | Entered arena 21.
  2233 | D        | Paralysed by a hornet for 3 turns
  2243 | D        | Paralysed by a jorogumo for 1 turns
  2244 | D        | Slain by a steelbarb worm

Illustrated notes

Levels and vault maps discovered:
D:        sprint_v [room_start, room_1, room_2, room_3, room_4, room_5, room_6,
          room_7, room_8, room_9, room_10, room_11, room_12, room_13, room_14,
          room_15, room_16, room_17, room_18, room_19, room_20, room_21,
          room_22, room_23, room_24, room_25, room_26, room_27]

Skill      XL: |  1  2  3  4  5  6  7  8  9 10 11 12 13 14 |
---------------+-------------------------------------------+-----
Fighting       | 5 6 8 9 10 12 13 14 16 18 21 23 | 23.0
Polearms       | 6 7 8 10 11 13 16 17 19 22 25 27 | 27.0
Armour         | 5 6 8 9 10 12 13 14 16 18 21 23 | 23.0
Shields        | 5 6 8 9 10 12 13 14 16 18 21 23 | 23.0
Dodging        | 5 11 | 11.5
Evocations     | 4 9 |  9.6

Action                     |  1- 3 |  4- 6 |  7- 9 | 10-12 | 13-15 || total
---------------------------+-------+-------+-------+-------+-------++-------
  Melee: Lance             |     6 |    10 |    57 |   296 |   171 ||   540
         Headbutt          |     2 |     4 |    14 |    89 |    94 ||   203
         Trishula          |       |       |       |     9 |   116 ||   125
 Invoke: Brand Weapon With |       |       |     1 |       |       ||     1
  Evoke: Tin of tremorston |       |       |       |       |     1 ||     1
    Use: Potion            |     1 |       |       |     7 |    17 ||    25
         Scroll            |       |       |       |     2 |       ||     2
 Armour: Plate armour      |       |     4 |    26 |   103 |   205 ||   338
  Dodge: Dodged            |       |       |     6 |     8 |    37 ||    51
  Block: Kite shield       |     7 |    16 |    81 |   274 |   428 ||   806
         Reflection        |       |       |       |       |    37 ||    37
